Map: [ESL] Inside and Out

Players

Krystianer

  • Race: Protoss Protoss
  • Spawn Location: 1:00

BattleB - Winner!

  • Race: Terran Terran
  • Spawn Location: 7:00

Event: DreamHack SC2 Masters 2022 Atlanta (Online)

VOD

Have the link to the VOD?

Description

Time

  • Played on: Oct. 7, 2022, 12:26 p.m.
  • Length: 8:02

All games in this series

Show
View Real Time Build Order
Export as new Build Order

Krystianer Protoss 

Build Orders: 1 Gate Expand, Oracle Opening, Blink Stalkers 

Get SALT Encoding   

  12  0:00  Probe  
  13  0:12  Probe  
  14  0:17  Pylon  
  14  0:24  Probe (Chrono Boost)  
  15  0:36  Probe (Chrono Boost), Gateway  
  16  0:44  Probe (Chrono Boost)  
  16  0:45  Assimilator  
  17  0:50  Probe  
  18  1:03  Probe  
  19  1:15  Probe  
  20  1:23  Nexus  
  20  1:32  Cybernetics Core  
  20  1:35  Probe  
  21  1:41  Assimilator  
  21  1:47  Probe  
  21  1:51  Pylon  
  22  1:59  Probe  
  23  2:06  Adept (Chrono Boost)  
  23  2:11  Probe  
  26  2:15  Stargate  
  26  2:23  Probe  
  26  2:25  Warp Gate  
  27  2:33  Stalker  
  27  2:36  Probe x2 (Chrono Boost)  
  31  2:45  Probe x2 (Chrono Boost)  
  31  2:50  Probe x2 (Chrono Boost)  
  35  2:59  Oracle (Chrono Boost)  
  35  3:02  Probe  
  35  3:04  Probe  
  40  3:14  Probe, Gateway  
  40  3:15  Gateway  
  42  3:21  Twilight Council  
  42  3:23  Probe  
  42  3:26  Probe  
  43  3:30  Pylon  
  43  3:35  Probe  
  43  3:37  Assimilator  
  43  3:39  Probe  
  45  3:47  Probe  
  46  3:51  Shield Battery  
  46  3:52  Probe, Blink (Chrono Boost)  
  49  3:56  Pylon  
  49  3:59  Probe  
  48  4:04  Probe  
  49  4:10  Pylon  
  50  4:17  Probe  
  50  4:20  Gateway  
  50  4:25  Stalker x3  
  50  4:27  Probe  
  50  4:30  Probe  
  57  4:31  Pylon  
  57  4:48  Stalker x2  
  57  4:50  Stalker  
  63  4:54  Nexus  
  63  4:55  Shield Battery  
  63  4:56  Pylon  
  63  4:59  Probe  
  64  5:12  Stalker x2  
  69  5:14  Stalker  
  69  5:18  Probe, Pylon  
  69  5:22  Probe  
  69  5:24  Forge  
  70  5:31  Probe  
  70  5:32  Charge  
  70  5:34  Probe (Chrono Boost)  
  72  5:38  Stalker x2  
  72  5:40  Stalker  
  78  5:43  Probe (Chrono Boost)  
  78  5:46  Probe (Chrono Boost)  
  80  5:54  Probe (Chrono Boost)  
  80  5:55  Probe (Chrono Boost)  
  69  5:58  Probe (Chrono Boost)  
  69  6:02  Stalker x2  
  71  6:07  Stalker  
  70  6:12  Probe  
  70  6:19  Probe  
  72  6:27  Probe (Chrono Boost)  
  72  6:30  Probe (Chrono Boost)  
  74  6:38  Probe (Chrono Boost)  
  75  6:41  Probe (Chrono Boost)  
  75  6:42  Gateway  
  75  6:43  Gateway  
  75  6:45  Probe (Chrono Boost)  
  77  6:47  Sentry x2  
  77  6:51  Probe, Gateway  
  77  6:53  Probe  
  82  6:56  Probe  
  82  6:58  Stalker  
  85  7:06  Pylon  
  84  7:10  Stalker x2  
  84  7:12  Probe x2 (Chrono Boost)  
  84  7:13  Probe (Chrono Boost)  
  82  7:25  Probe (Chrono Boost)  
  82  7:29  Probe (Chrono Boost)  
  85  7:30  Probe (Chrono Boost)  
  85  7:33  Probe (Chrono Boost), Stalker x2  
  85  7:34  Stalker  
  85  7:36  Probe (Chrono Boost)  
  86  7:44  Probe  
  86  7:48  Probe  
  73  7:55  Stalker  
Show
View Real Time Build Order
Export as new Build Order

BattleB Terran - Winner!

Build Orders:  

Get SALT Encoding   

  12  0:00  SCV  
  13  0:12  SCV  
  14  0:16  Supply Depot  
  14  0:24  SCV  
  15  0:38  SCV  
  15  0:40  Barracks  
  16  0:44  Refinery  
  16  0:50  SCV  
  17  1:02  SCV  
  18  1:15  SCV  
  19  1:27  Barracks Reactor, Orbital Command  
  19  1:42  Command Center  
  19  1:50  Supply Depot  
  19  1:52  SCV  
  20  2:03  Marine x2  
  20  2:04  SCV  
  20  2:08  Barracks  
  23  2:16  SCV  
  23  2:21  Barracks  
  24  2:23  Marine  
  24  2:24  Marine  
  24  2:29  SCV  
  27  2:41  SCV  
  27  2:42  Marine  
  27  2:43  Marine  
  30  2:53  SCV  
  30  2:56  Orbital Command  
  30  2:57  Barracks Tech Lab  
  31  3:02  Marine x2  
  33  3:06  SCV  
  33  3:09  Barracks Tech Lab  
  34  3:14  Supply Depot  
  34  3:15  Stimpack, Marine  
  34  3:18  SCV  
  36  3:21  Marine x2  
  36  3:22  SCV  
  39  3:27  Combat Shield, Marine  
  39  3:31  SCV  
  39  3:33  Marine  
  42  3:35  SCV  
  42  3:37  Refinery  
  42  3:39  Marine x2  
  45  3:42  Supply Depot  
  45  3:45  SCV  
  45  3:47  SCV, Marine  
  48  3:53  Engineering Bay, Marine  
  49  3:57  SCV, Marine  
  49  3:59  SCV  
  49  4:00  Supply Depot, Marine  
  53  4:06  Marine  
  53  4:09  SCV  
  54  4:11  SCV  
  54  4:13  Marine  
  54  4:16  Marine  
  54  4:21  SCV  
  54  4:23  SCV  
  56  4:26  Marauder  
  56  4:27  Marine  
  59  4:31  Terran Infantry Weapons Level 1, Marauder  
  59  4:32  Bunker  
  59  4:33  SCV  
  59  4:35  Marine  
  59  4:36  SCV  
  63  4:43  Supply Depot  
  62  4:45  SCV, Marine  
  62  4:48  Marauder  
  62  4:50  SCV  
  62  4:51  Concussive Shells  
  67  4:53  Marauder  
  67  4:54  Marine  
  70  5:00  Factory  
  70  5:04  SCV x2  
  71  5:08  Supply Depot  
  71  5:12  Supply Depot  
  71  5:13  Marine  
  71  5:14  Marine  
  73  5:15  Marauder  
  77  5:21  Marauder  
  77  5:24  SCV  
  78  5:29  SCV  
  78  5:30  Refinery  
  78  5:31  Supply Depot  
  78  5:33  Marine x2  
  80  5:36  Supply Depot  
  80  5:38  Marauder  
  80  5:40  SCV  
  80  5:41  SCV  
  86  5:43  Marauder  
  86  5:44  Starport  
  86  5:46  Factory Reactor  
  86  5:54  SCV x2  
  86  5:55  Marine x2  
  88  6:03  Marauder  
  92  6:04  Marauder  
  92  6:07  SCV  
  92  6:08  Supply Depot  
  93  6:11  SCV  
  93  6:13  Marine x2  
  95  6:19  SCV  
  95  6:23  Refinery  
  95  6:24  Marauder  
  91  6:25  Marauder  
  91  6:29  Factory Reactor  
  91  6:31  Medivac x2  
  95  6:33  Supply Depot  
  95  6:34  Marine x2  
  97  6:49  Marauder  
  97  6:50  Marauder  
  97  6:51  Command Center  
  101  6:57  Marine x2  
  97  7:01  Medivac  
  97  7:04  Medivac  
  97  7:08  Supply Depot  
  101  7:12  Marine  
  101  7:13  Marauder  
  103  7:17  SCV x2  
  103  7:18  Marine x2  
  103  7:21  Widow Mine x2  
  103  7:29  SCV x2  
  99  7:30  Marine  
  99  7:34  Marine  
  99  7:36  Marine x2  
  98  7:41  SCV  
  94  7:44  SCV  
Tags
 
Add a new tag
Caveats
  • Supply blocks, unpowered buildings, or Contaminate may cause inaccurate times.
  • Supply counts are checked every 10 seconds.